 Dungeon Crawl Stone Soup version 0.18.1-50-g88ac8fd (webtiles) character file.

1371 recordrepeat the Shield-Bearer (level 8, 0/70 HPs)
             Began as a Hill Orc Fighter on Oct 21, 2016.
             Was a Follower of Beogh.
             Killed from afar by an electric eel (9 damage)
             ... with a bolt of electricity
             ... on level 6 of the Dungeon.
             The game lasted 00:14:09 (5807 turns).

recordrepeat the Shield-Bearer (Hill Orc Fighter)   Turns: 5807, Time: 00:14:09

Health: 0/70       AC: 14    Str: 21    XL:     8   Next: 65%
Magic:  8/8        EV:  8    Int:  8    God:    Beogh [*.....]
Gold:   157        SH: 10    Dex: 10    Spells: 0 memorised, 7 levels left

rFire  . . .     SeeInvis .     n - +0 war axe (drain)
rCold  . . .     Gourm    .     b - +0 scale mail
rNeg   . . .     Faith    .     c - +0 shield
rPois  .         Spirit   .     (no helmet)
rElec  .         Dismiss  .     A - +1 cloak
rCorr  .         Reflect  .     s - +0 pair of gloves (curse)
SustAt .         Harm     .     (no boots)
MR     .....                    (no amulet)
Stlth  ..........               (no ring)
                                y - +3 ring of protection

@: drained, not resistant to hostile enchantments, extremely unstealthy
A: no striking features
a: Renounce Religion


You were on level 6 of the Dungeon.
You worshipped Beogh.
Beogh was aware of your devotion.
You were not hungry.

You visited 1 branch of the dungeon, and saw 6 of its levels.

You collected 157 gold pieces.

Inventory:

Hand Weapons
 a - a +0 war axe
 n - a +0 war axe of draining (weapon)
Armour
 b - a +0 scale mail (worn)
 c - a +0 shield (worn)
 s - a cursed +0 pair of gloves (worn)
 A - a +1 cloak (worn)
Jewellery
 y - a +3 ring of protection (left hand)
Scrolls
 e - a scroll of blinking {unknown}
 j - a scroll of amnesia {unknown}
 k - 3 scrolls of random uselessness {unknown}
 l - 3 scrolls of magic mapping {unknown}
 o - 3 scrolls of identify {unknown}
 q - 2 scrolls of teleportation {unknown}
 r - a scroll of enchant armour {unknown}
 t - a scroll of immolation {unknown}
 u - 2 scrolls of fear {unknown}
 w - 4 scrolls of remove curse {unknown}
 x - 2 scrolls of recharging {unknown}
Potions
 d - 2 potions of might
 g - 2 potions of curing {unknown}
 m - a potion of brilliance {unknown}
 p - 2 potions of lignification {unknown}
 v - a potion of cure mutation {unknown}
 z - a potion of heal wounds {unknown}
 C - a potion of degeneration {unknown}
Comestibles
 f - 6 bread rations
 h - 3 meat rations
 B - 2 slices of pizza


   Skills:
 + Level 6.3(5.1) Fighting
 + Level 5.2(4.0) Axes
 + Level 6.2(5.0) Armour
 + Level 3.4(2.3) Dodging
 + Level 7.0(5.8) Shields


You had 7 spell levels left.
You didn't know any spells.

Dungeon Overview and Level Annotations

Branches:
Dungeon (6/15)             Temple (0/1) D:4

Altars:
Elyvilon
Gozag
Qazlal
Sif Muna
Trog

Shops:
D:5 (


Message History

The bolt of electricity hits you!
The electric eel shoots out a bolt of lightning at you!
The bolt of electricity hits you!
The electric eel shoots out a bolt of lightning at you!
The bolt of electricity hits you!
The electric eel shoots out a bolt of lightning at you!
The bolt of electricity hits you!
The electric eel shoots out a bolt of lightning at you!
The bolt of electricity hits the electric eel.
The electric eel completely resists.
The bolt of electricity hits you!
* * * LOW HITPOINT WARNING * * *
The electric eel shoots out a bolt of lightning at you!
The bolt of electricity hits you!
* * * LOW HITPOINT WARNING * * *
You enter the shallow water.
Moving in this stuff is going to be slow.
The electric eel shoots out a bolt of lightning at you!
The bolt of electricity hits the electric eel.
The electric eel completely resists.
The bolt of electricity hits you!
You die...

≈≈≈≈≈≈
≈.≈≈≈≈≈.≈≈≈≈≈≈#
♣♣♣≈.
≈.≈♣♣♣≈.≈♣♣♣≈..
♣ ≈. ≈≈≈ ♣≈.≈♣
≈.. ♣♣♣≈
≈≈≈♣♣♣≈≈≈♣♣♣≈≈.
≈≈≈≈
≈≈≈≈≈≈≈≈≈≈≈≈≈.?
.≈.≈
≈≈.≈≈≈≈≈..≈≈.≈.
≈≈≈≈
≈≈≈≈;≈≈≈≈≈≈≈≈..
♣♣♣≈
≈;≈♣♣♣;.≈♣♣♣≈≈.
♣ ≈≈≈ ♣≈@≈♣ ≈..
♣ ≈. ♣≈≈≈♣ ≈.
≈≈ ≈≈≈≈≈≈≈ ≈≈.
..≈.≈.≈≈... ≈≈≈
≈≈≈≈≈≈≈≈≈≈≈≈≈≈#
♣♣♣
≈.≈♣♣♣≈.≈♣♣♣≈.#
≈≈≈ ♣≈.≈♣ ≈.#
≈≈ ♣≈.≈♣ ≈#


You could see 2 electric eels.

Vanquished Creatures
  The ghost of Acct11011 the Skirmisher, a novice MiBe of Trog (D:5)
  A phantom (D:4)
  A centaur (D:3)
  The ghost of CaptainFoxx the Gusty, an amateur TeAE of Ru (D:3)
  A gnoll sergeant (D:5)
  An electric eel (D:6)
  2 crimson imps (D:5)
  An iguana (D:5)
  A centaur skeleton (D:5)
  An orc wizard (D:5)
  2 worker ants
  2 hell rats (D:5)
  A hound skeleton (D:5)
  4 gnolls (D:5)
  10 adders
  9 river rats (D:5)
  A shadow imp (D:5)
  2 oozes
  An adder skeleton (D:5)
  A worm (D:4)
  2 dart slugs (D:4)
  4 giant geckos
  7 orcs
  3 ball pythons
  4 bats
  4 giant cockroaches
  11 goblins
  7 hobgoblins
  2 jackals (D:3)
  2 quokkas
  5 giant newts
  7 kobolds
  24 rats
  A plant (D:1)
127 creatures vanquished.

Vanquished Creatures (others)
  An adder (D:4)
  A dart slug (D:4)
  An orc (D:4)
  A giant newt (D:4)
  A butterfly (D:4)
5 creatures vanquished.

Grand Total: 132 creatures vanquished

Notes
Turn   | Place    | Note
--------------------------------------------------------------
     0 | D:1      | recordrepeat the Hill Orc Fighter began the quest for the Orb.
     0 | D:1      | Reached XP level 1. HP: 19/19 MP: 1/1
   297 | D:1      | Reached XP level 2. HP: 25/27 MP: 2/2
   395 | D:1      | Reached XP level 3. HP: 18/33 MP: 3/3
  1142 | D:2      | Reached XP level 4. HP: 22/40 MP: 4/4
  1560 | D:2      | Reached skill level 1 in Dodging
  1625 | D:2      | Reached skill level 4 in Shields
  1882 | D:3      | Reached XP level 5. HP: 29/47 MP: 5/5
  2378 | D:3      | Noticed CaptainFoxx's ghost (amateur TeAE)
  2384 | D:3      | Killed CaptainFoxx's ghost
  2576 | D:3      | Noticed a centaur
  2588 | D:3      | Killed a centaur
  2588 | D:3      | Reached skill level 5 in Shields
  2588 | D:3      | Reached XP level 6. HP: 27/53 MP: 6/6
  2806 | D:4      | Became a worshipper of Beogh the Brigand
  2899 | D:4      | Noticed a phantom
  2926 | D:4      | Killed a phantom
  2949 | D:4      | Found a staircase to the Ecumenical Temple.
  3024 | D:4      | Found a white marble altar of Elyvilon.
  3191 | D:4      | Found a stormy altar of Qazlal.
  3232 | D:5      | Entered Level 5 of the Dungeon
  3268 | D:5      | Noticed Acct11011's ghost (novice MiBe)
  3293 | D:5      | Killed Acct11011's ghost
  3293 | D:5      | Reached skill level 5 in Fighting
  3293 | D:5      | Reached skill level 5 in Armour
  3293 | D:5      | Reached skill level 6 in Shields
  3293 | D:5      | Reached XP level 7. HP: 5/61 MP: 7/7
  3293 | D:5      | Reached XP level 8. HP: 6/69 MP: 8/8
  4342 | D:5      | Reached * piety under Beogh
  4477 | D:5      | Found a deep blue altar of Sif Muna.
  4567 | D:5      | Reached skill level 5 in Axes
  4954 | D:5      | Found a bloodstained altar of Trog.
  4966 | D:5      | Found an opulent altar of Gozag.
  5081 | D:5      | Found Peylem's Antique Weapon Boutique.
  5258 | D:6      | Reached skill level 7 in Shields
  5807 | D:6      | Killed from afar by an electric eel

Skill      XL: |  1  2  3  4  5  6  7  8 |
---------------+-------------------------+-----
Fighting       | 4 5 6 |  6.3
Axes           | 3 4 5 |  5.2
Armour         | 4 5 6 |  6.2
Dodging        | 1 2 3 |  3.4
Shields        | 4 5 6 7 |  7.0

Action                   |  1- 3 |  4- 6 |  7- 9 || total
-------------------------+-------+-------+-------++-------
Melee: War axe           |   143 |   207 |   229 ||   579
Invok: Convert to Beogh  |       |     1 |       ||     1
  Use: Potion            |       |     1 |       ||     1
  Eat: Chunk             |     1 |     7 |     6 ||    14
       Beef jerky        |       |       |     2 ||     2
Armor: Scale mail        |    54 |    82 |    88 ||   224
Dodge: Dodged            |    35 |    54 |    87 ||   176
Block: Shield            |    84 |   122 |   124 ||   330
